 Dungeon Crawl Stone Soup version 0.23.0-3-gf3c87f2 (webtiles) character file.

Game seed: 6039193299650743370

158 vishdafish the Skirmisher (level 5, 24/41 HPs)
             Began as a Demonspawn Fighter on Feb 22, 2019.
             Was a Follower of Makhleb.
             Quit the game on level 4 of the Dungeon.
             The game lasted 00:03:23 (2738 turns).

vishdafish the Skirmisher (Demonspawn Fighter)      Turns: 2738, Time: 00:03:23

Health: 24/41      AC: 12    Str: 16    XL:     5   Next: 16%
Magic:  5/5        EV:  7    Int: 12    God:    Makhleb [*.....]
Gold:   175        SH:  9    Dex: 13    Spells: 4/4 levels left

rFire    . . .     SeeInvis .   a - +0 long sword
rCold    . . .     Gourm    .   c - +0 shield
rNeg     . . .     Faith    .   b - +0 scale mail
rPois    .         Spirit   .   (helmet restricted)
rElec    .         Reflect  .   (no cloak)
rCorr    +         Harm     .   (no gloves)
MR       .....                  (no boots)
Stlth    ..........             (no amulet)
HPRegen  0.13/turn              n - +2 ring of intelligence
MPRegen  0.09/turn              p - ring of resist corrosion

@: sanguine armour
A: antennae 1, powered by pain 1, spiny 1, sanguine armour 1
a: Renounce Religion


You were on level 4 of the Dungeon.
You worshipped Makhleb.
Makhleb was aware of your devotion.
You were very hungry.

You visited 1 branch of the dungeon, and saw 4 of its levels.

You collected 175 gold pieces.

Inventory:

Hand Weapons
 a - a +0 long sword (weapon)
Missiles
 k - 2 throwing nets (quivered)
Armour
 b - a +0 scale mail (worn)
 c - a +0 shield (worn)
 i - a cursed +0 helmet
Jewellery
 n - a +2 ring of intelligence (left hand)
 p - a ring of resist corrosion (right hand)
Scrolls
 g - 11 scrolls of identify {unknown}
 h - a scroll of blinking {unknown}
 j - a scroll of teleportation {unknown}
 l - a scroll of noise {unknown}
 m - 2 scrolls of enchant weapon {unknown}
 o - a scroll of remove curse {unknown}
 q - a scroll of immolation {unknown}
 r - a scroll of amnesia {unknown}
Potions
 d - a potion of flight {unknown}
 e - a potion of curing {unknown}
 s - a potion of invisibility {unknown}
 t - 2 potions of haste {unknown}
Comestibles
 f - 3 rations


   Skills:
 + Level 3.5 Fighting
 + Level 3.3 Long Blades
 + Level 3.2 Armour
 + Level 0.7 Dodging
 + Level 0.7 Stealth
 + Level 3.4 Shields


You had 4 spell levels left.
You didn't know any spells.
Your spell library was empty.

Dungeon Overview and Level Annotations

Branches:
Dungeon (4/15)
 Temple: D:4-7

Altars:
Makhleb
Nemelex Xobeh
Okawaru
Qazlal
Uskayaw
Wu Jian
Xom


Innate Abilities, Weirdness & Mutations

You have a pair of small antennae on your head.
You sometimes gain a little power by taking damage.
You are partially covered in sharp spines.
When seriously injured, your bleeding wounds create armour. (AC +6)


Message History

The centaur skeleton is moderately damaged.
The centaur skeleton hits you but does no damage.
You hit the centaur skeleton.
The centaur skeleton is heavily damaged.
You block the centaur skeleton's attack.
The centaur skeleton hits you but does no damage.
You hit the centaur skeleton.
The centaur skeleton is severely damaged.
The centaur skeleton hits you but does no damage. x2
You hit the centaur skeleton.
The centaur skeleton is severely damaged.
The centaur skeleton hits you. The centaur skeleton barely misses you.
You slash the centaur skeleton!
You destroy the centaur skeleton!
Makhleb accepts your kill.
You have reached level 5!
Your demonic ancestry asserts itself...
Sharp spines emerge from parts of your body.
You swing at nothing.
Are you sure you want to abandon this character and quit the game? (Confirm with "yes".)

...... ...!..
...... ......
#..... .....
.....##...#
#........#
.......#
###.....# #
.##...@...#.#
...........?.#
####.......###
###...#.......
#...########
##.##
########<#
.........#
##########


There were no monsters in sight!

Vanquished Creatures
  A centaur skeleton (D:4)
  4 adders
  4 gnolls (D:2)
  2 worms (D:3)
  2 dart slugs (D:2)
  5 orcs (D:3)
  3 bats
  2 giant cockroaches
  3 goblins
  4 hobgoblins
  2 jackals (D:2)
  2 quokkas (D:2)
  2 frilled lizards
  5 kobolds
  6 rats
47 creatures vanquished.

Notes
Turn   | Place    | Note
-------+----------+-------------------------------------------
     0 | D:1      | vishdafish the Demonspawn Fighter began the quest for the
                  | Orb.
     0 | D:1      | Reached XP level 1. HP: 18/18 MP: 1/1
   441 | D:1      | Gained mutation: You have a pair of small antennae on your
                  | head. [demonic ancestry]
   441 | D:1      | Reached XP level 2. HP: 18/24 MP: 2/2
   874 | D:2      | Found an ornate altar of the Wu Jian Council.
   874 | D:2      | Found an iron altar of Okawaru.
   874 | D:2      | Found a stormy altar of Qazlal.
   874 | D:2      | Found a hide-covered altar of Uskayaw.
   874 | D:2      | Found a burning altar of Makhleb.
   895 | D:2      | Became a worshipper of Makhleb the Destroyer
  1246 | D:2      | Gained mutation: When seriously injured, your bleeding
                  | wounds create armour. (AC +6) [demonic ancestry]
  1246 | D:2      | Reached XP level 3. HP: 29/29 MP: 3/3
  1370 | D:2      | Found a shimmering altar of Xom.
  1607 | D:3      | Gained mutation: You sometimes gain a little power by
                  | taking damage. [demonic ancestry]
  1607 | D:3      | Reached XP level 4. HP: 20/35 MP: 4/4
  1701 | D:3      | You fall through a shaft!
  2231 | D:3      | Found a sparkling altar of Nemelex Xobeh.
  2364 | D:3      | Reached * piety under Makhleb
  2560 | D:2      | HP: 1/35 [gnoll/+0 spear (1)]
  2736 | D:4      | Gained mutation: You are partially covered in sharp spines.
                  | [demonic ancestry]
  2736 | D:4      | Reached XP level 5. HP: 23/41 MP: 5/5
  2738 | D:4      | Quit the game

Skill      XL: |  1  2  3  4 |
---------------+-------------+-----
Long Blades    | 2 3 |  3.3
Shields        | 3 |  3.4
Armour         | 3 |  3.2
Fighting       | |  3.5
Dodging        | |  0.7
Stealth        | |  0.7

Action                   |  1- 3 |  4- 6 || total
-------------------------+-------+-------++-------
Melee: Long sword        |   108 |    74 ||   182
Throw: Throwing net      |       |     1 ||     1
  Use: Potion            |     2 |       ||     2
 Stab: Held in net/web   |       |     2 ||     2
  Eat: Chunk             |     1 |     4 ||     5
Armor: Scale mail        |    57 |    32 ||    89
       Skin              |     3 |       ||     3
Dodge: Dodged            |    31 |    20 ||    51
Block: Shield            |    50 |    44 ||    94
       Rpst.: Long sword |    12 |     7 ||    19
